 Dungeon Crawl Stone Soup version 0.24-a0-537-g2d01d4ab0a (webtiles) character file.

Game seed: 11922071970672788395

8050 Aggronaut the Martial Artist (level 11, -1/94 HPs)
             Began as a Yellow Draconian Monk on Aug 14, 2019.
             Was a High Priest of the Shining One.
             Slain by an elephant simulacrum (12 damage)
             ... in an ice cave.
             The game lasted 00:35:33 (12454 turns).

Aggronaut the Martial Artist (DrMo)                Turns: 12454, Time: 00:35:34

Health: -1/94      AC: 10    Str: 15    XL:     11   Next: 4%
Magic:  11/11      EV: 13    Int: 11    God:    the Shining One [*****.]
Gold:   539        SH:  0    Dex: 15    Spells: 10/10 levels left

rFire    x . .     SeeInvis .     - Unarmed
rCold    + . .     Gourm    .   c - +0 buckler
rNeg     + + .     Faith    .   (armour unavailable)
rPois    .         Spirit   .   (helmet restricted)
rElec    .         Reflect  .   i - +1 cloak
rCorr    +         Harm     .   C - +0 pair of gloves
MR       .....                  (no boots)
Stlth    +.........             (no amulet)
HPRegen  0.25/turn              E - ring of ice
MPRegen  0.12/turn              F - ring of wizardry

@: confused, very slightly contaminated, glowing
A: spit acid, unfitting armour, cold-blooded, acid resistance, AC +7
a: Breathe Acid, Divine Shield, Cleansing Flame, Summon Divine Warrior, Renounce
Religion


You were in an ice cave.
You worshipped the Shining One.
The Shining One was extremely pleased with you.
You were not hungry.

You visited 3 branches of the dungeon, and saw 12 of its levels.
You also visited: Sewer, Ossuary and Ice Cave.

You collected 711 gold pieces.
You spent 172 gold pieces at shops.

Inventory:

Missiles
 G - 2 throwing nets (quivered)
Armour
 c - a +0 buckler (worn)
 i - a +1 cloak (worn)
 C - a +0 pair of gloves (worn)
Jewellery
 E - a ring of ice (left hand)
 F - a ring of wizardry (right hand)
Wands
 n - a wand of iceblast (16)
 r - a wand of enslavement (12)
 s - a wand of polymorph (10)
 t - a wand of digging (7)
 I - a wand of flame (3)
Scrolls
 b - 2 scrolls of enchant armour
 d - 4 scrolls of amnesia
 h - 7 scrolls of teleportation
 j - 5 scrolls of fog
 l - 3 scrolls of fear
 z - a scroll of magic mapping {unknown}
 A - a scroll of summoning {unknown}
 D - a scroll of immolation {unknown}
 K - a scroll of enchant weapon
 M - a scroll of identify
Potions
 e - 2 potions of haste
 f - 5 potions of brilliance
 g - 3 potions of curing
 k - a potion of heal wounds
 m - a potion of ambrosia
 o - 2 potions of lignification
 q - a potion of berserk rage {unknown}
 u - a potion of flight
 v - 2 potions of magic
 w - a potion of cancellation
 x - 2 potions of mutation
 H - 2 potions of degeneration
Comestibles
 a - 24 rations
 L - 8 chunks of flesh


   Skills:
 * Level 8.0 Fighting
 - Level 2.6 Dodging
 - Level 1.7 Stealth
 - Level 4.1 Shields
 + Level 14.7 Unarmed Combat


You had 10 spell levels left.
You didn't know any spells.
Your spell library contained the following spells:

 Spells                   Type           Power        Failure   Level  Hunger
 Flame Tongue             Conj/Fire      #....        14%         1    ##.....
 Shock                    Conj/Air       #...         14%         1    ##.....
 Swiftness                Chrm/Air       #.......     21%         2    ###....
 Throw Flame              Conj/Fire      #.....       21%         2    ###....
 Conjure Flame            Conj/Fire      #.......     38%         3    ####...
 Inner Flame              Hex/Fire       #.......     38%         3    ####...
 Static Discharge         Conj/Air       #.......     38%         3    ####...
 Airstrike                Air            #.........   77%         4    #####..
 Sticky Flame             Conj/Fire      #.......     77%         4    #####..
 Fireball                 Conj/Fire      #.........   98%         5    ######.
 Lightning Bolt           Conj/Air       #.........   98%         5    ######.


Dungeon Overview and Level Annotations

Branches:
Dungeon (10/15)            Temple (1/1) D:5            Lair (1/6) D:10
    Orc (0/2) D:10

Altars:
Ashenzari
Cheibriados
Dithmenos
Elyvilon
Fedhas
Gozag
Hepliaklqana
Kikubaaqudgha
Makhleb
Nemelex Xobeh
Okawaru
Qazlal
Ru
Sif Muna
Trog
Uskayaw
Vehumet
Wu Jian
Xom
Yredelemnul
Zin
The Shining One

Shops:
D:10 *

Annotations:
D:10 Fannar


Innate Abilities, Weirdness & Mutations

You can spit globs of acid.
Your golden yellow scales are hard. (AC +7)
You cannot fit into any form of body armour.
You are cold-blooded and may be slowed by cold attacks.
You are resistant to acid. (rCorr)


Message History

The elephant simulacrum freezes you! You resist.
* * * LOW HITPOINT WARNING * * *
Blink to where?
Press: ? - help, Dir - move target cursor You are very lightly contaminated with residual magic.
As you read the scroll of blinking, it crumbles to dust.
You are confused.
You feel invigorated.
You bump into the ice covered rock wall.
You're too confused to move!
The swamp dragon simulacrum barely misses you.
The swamp dragon simulacrum claws you.
The swamp dragon simulacrum freezes you!
You resist.
* * * LOW HITPOINT WARNING * * *
The swamp dragon simulacrum barely misses you.
The elephant simulacrum tramples you!
* * * LOW HITPOINT WARNING * * *
The elephant simulacrum freezes you! You resist.
You die...

#### ##..##
##....### .##
#.......##....#
#.∩.∩.Z@....#
#.....Z....##
##....##..##
##..## ### ####


You could see an elephant simulacrum and a swamp dragon simulacrum.

Vanquished Creatures
  The ghost of soark the Cleaver, a novice DsGl (D:7)
  Pikel (D:9)
  A spiny frog (Lair:1)
  A centaur skeleton (D:10)
  2 rime drakes (Lair:1)
  A troll (D:10)
  5 blink frogs (Lair:1)
  A hippogriff (Lair:1)
  Sigmund (D:2)
  2 wyverns
  Menkaure (D:5)
  A water moccasin (Lair:1)
  A porcupine (Lair:1)
  An ice beast (D:5)
  2 orc warriors
  A phantom (D:5)
  5 ogres
  4 centaurs
  A crocodile (Lair:1)
  3 big kobolds
  5 bullfrogs
  A wyvern skeleton (D:10)
  A water moccasin zombie (Ossuary)
  2 scorpions
  A wight (D:7)
  3 howler monkeys
  A crimson imp (D:6)
  A hound (D:9)
  A jelly (D:7)
  A gnoll shaman (D:4)
  10 orc priests
  5 orc wizards
  3 hell rats (D:10)
  Ijyb (D:5)
  Natasha (thrice) (D:3)
  3 iguanas
  9 worker ants
  2 wolf simulacra (IceCv)
  A big kobold zombie (Ossuary)
  A hound zombie (D:5)
  2 hound skeletons
  4 mummies
  3 gnolls (D:4)
  A howler monkey skeleton (D:7)
  20 adders
  7 river rats (Sewer)
  3 shadow imps
  An ooze (Sewer)
  8 adder zombies
  3 worms
  3 dart slugs
  4 leopard geckos
  33 orcs
  10 ball pythons
  4 giant cockroaches
  8 goblins
  6 hobgoblins
  10 jackals
  4 quokkas
  2 bats
  7 frilled lizards
  4 gnoll zombies (Ossuary)
  2 hobgoblin zombies (Ossuary)
  15 kobolds
  5 kobold zombies (Ossuary)
  4 orc zombies (Ossuary)
  2 quokka skeletons
  25 rats
  A fungus (D:4)
292 creatures vanquished.

Vanquished Creatures (others)
  4 toadstools (D:4)
4 creatures vanquished.

Grand Total: 296 creatures vanquished

Notes
Turn   | Place    | Note
-------+----------+-------------------------------------------
     0 | D:1      | Aggronaut the Draconian Monk began the quest for the Orb.
     0 | D:1      | Reached XP level 1. HP: 19/19 MP: 1/1
   658 | D:1      | Reached XP level 2. HP: 26/26 MP: 2/2
  1121 | D:2      | Noticed Sigmund
  1409 | D:2      | Reached skill level 4 in Unarmed Combat
  1681 | D:2      | Reached XP level 3. HP: 27/31 MP: 3/3
  2181 | D:2      | Found a shimmering altar of Xom.
  2302 | D:2      | Reached skill level 1 in Shields
  2467 | D:2      | Killed Sigmund
  2467 | D:2      | Reached skill level 5 in Unarmed Combat
  2467 | D:2      | Reached XP level 4. HP: 38/38 MP: 4/4
  2467 | D:2      | Reached XP level 5. HP: 45/45 MP: 5/5
  2553 | D:3      | Noticed Natasha
  2559 | D:3      | Killed Natasha
  2643 | D:3      | Noticed Natasha
  2667 | D:3      | Killed Natasha
  2940 | D:3      | Reached skill level 6 in Unarmed Combat
  2940 | D:3      | Reached XP level 6. HP: 51/51 MP: 6/6
  2953 | D:3      | Noticed Natasha
  2964 | D:3      | Killed Natasha
  3438 | D:4      | Found a glowing golden altar of the Shining One.
  3439 | D:4      | Found an ornate altar of the Wu Jian Council.
  3442 | D:4      | Became a worshipper of the Shining One
  3442 | D:4      | Reached * piety under the Shining One
  3442 | D:4      | Reached ** piety under the Shining One
  3481 | D:4      | Found a radiant altar of Vehumet.
  3693 | D:4      | Found a sand-covered staircase.
  3697 | Ossuary  | Entered an ossuary
  3762 | Ossuary  | Reached *** piety under the Shining One
  3772 | Ossuary  | Your scales start taking on a golden yellow colour.
  3772 | Ossuary  | Reached XP level 7. HP: 57/57 MP: 7/7
  3772 | Ossuary  | Gained mutation: You are resistant to acid. (rCorr) [Yellow
                  | Draconian growth]
  3786 | Ossuary  | Reached skill level 7 in Unarmed Combat
  3844 | Ossuary  | Reached **** piety under the Shining One
  4693 | D:5      | Entered Level 5 of the Dungeon
  4737 | D:5      | Noticed Menkaure
  4747 | D:5      | Killed Menkaure
  4747 | D:5      | Reached skill level 8 in Unarmed Combat
  4822 | D:5      | Reached XP level 8. HP: 55/63 MP: 8/8
  4861 | D:5      | Reached skill level 9 in Unarmed Combat
  4998 | D:5      | Found a hazy altar of Hepliaklqana.
  5007 | D:5      | Found a staircase to the Ecumenical Temple.
  5019 | Temple   | Entered the Ecumenical Temple
  5167 | D:5      | Noticed Ijyb
  5176 | D:5      | Killed Ijyb
  5308 | D:5      | Reached skill level 10 in Unarmed Combat
  6083 | D:6      | Found a glowing drain.
  6106 | Sewer    | Entered a sewer
  6631 | Sewer    | Reached skill level 11 in Unarmed Combat
  6652 | Sewer    | Reached XP level 9. HP: 43/70 MP: 9/9
  6879 | D:6      | You fall into a shaft and drop 2 floors!
  8262 | D:7      | Reached ***** piety under the Shining One
  8315 | D:7      | Found a transporter.
  8354 | D:7      | Found a transporter.
  8354 | D:7      | Noticed soark's ghost (novice DsGl)
  8399 | D:7      | Reached skill level 12 in Unarmed Combat
  8483 | D:7      | Identified the +4 leather armour of the Jabberwock {rElec
                  | MR+ Dex+3}
  8739 | D:7      | Killed soark's ghost
  9023 | D:8      | Found a basalt altar of Yredelemnul.
  9025 | D:8      | Found a sacrificial altar of Ru.
  9076 | D:8      | Reached skill level 13 in Unarmed Combat
 10169 | D:9      | Noticed Pikel
 10178 | D:9      | Killed Pikel
 10178 | D:9      | Reached XP level 10. HP: 58/77 MP: 10/10
 10269 | D:9      | Reached skill level 14 in Unarmed Combat
 10544 | D:10     | Entered Level 10 of the Dungeon
 10571 | D:10     | Found a staircase to the Orcish Mines.
 10594 | D:10     | Noticed a death yak
 10765 | D:10     | Got a scorched quarterstaff
 10775 | D:10     | Found Ydysuok's General Store.
 10782 | D:10     | Bought a scroll of enchant weapon for 112 gold pieces
 10782 | D:10     | Bought a scroll of identify for 30 gold pieces
 10782 | D:10     | Bought a scroll of identify for 30 gold pieces
 10797 | D:10     | Noticed a death yak
 10797 | D:10     | Noticed a death yak
 11338 | D:10     | Reached skill level 5 in Fighting
 11377 | D:10     | Found a bloodstained altar of Trog.
 11495 | D:10     | Noticed Fannar
 11857 | D:10     | Found a staircase to the Lair.
 11869 | Lair:1   | Entered Level 1 of the Lair of Beasts
 12252 | Lair:1   | Noticed a spiny frog
 12267 | Lair:1   | Killed a spiny frog
 12419 | Lair:1   | Found a frozen archway.
 12426 | Lair:1   | Reached XP level 11. HP: 32/93 MP: 11/11
 12435 | IceCv    | Entered an ice cave
 12454 | IceCv    | Slain by an elephant simulacrum

Levels and vault maps discovered:
D:1:      onia_arrival_pentagram, layout_basic
D:2:      layout_basic, first_ration, tgw_xom, uniq_sigmund
D:3:      layout_loops_ring, minmay_checkerbox, uniq_natasha
D:4:      layout_basic, kennysheep_mini_moat, grunt_temple_overflow_open,
          enter_ossuary_5, minmay_gold_behind_fungi
D:5:      layout_loops_ring, nicolae_overflow_crystal_walls,
          minmay_temple_entry_trees, uniq_menkaure, uniq_ijyb
D:6:      layout_gridville, gup_sewer_entry_glass, kennysheep_generic_room_6
D:7:      layout_cave_pools, gammafunk_ghost_mausoleum, hex_tiny
D:8:      layout_loops_corners, nicolae_overflow_hidden_temple
D:9:      layout_cave_pools, blue_anna_alchemist [blue_anna_fruit_fields,
          blue_anna_fruit_fields], nicolae_wwwww, uniq_pikel
D:10:     layout_irregular_city, dpeg_lair_monsters, orc_0_dummy, serial_shops,
          shop, david_defended_altar_orc, uniq_fannar
Temple:   eino_temple_rhombus
Lair:1:   layout_roguey, portal_ice_cave_rime, basic_altar,
          chequers_serial_rivers_micro_a, grunt_megastairs_2
IceCv:    ice_cave_small_necro

Skill      XL: |  1  2  3  4  5  6  7  8  9 10 11 |
---------------+----------------------------------+-----
Unarmed Combat | 4 5 6 8 11 13 14 | 14.7
Shields        | 2 3 4 |  4.1
Fighting       | 7 8 |  8.0
Dodging        | |  2.6
Stealth        | |  1.7

Action                   |  1- 3 |  4- 6 |  7- 9 | 10-12 || total
-------------------------+-------+-------+-------+-------++-------
Melee: Unarmed           |   131 |   171 |   536 |   197 ||  1035
       Tailslap          |     6 |    22 |    63 |    26 ||   117
       Punch             |     1 |       |       |       ||     1
Invok: Divine Shield     |       |       |     1 |     1 ||     2
 Abil: Breathe Acid      |       |       |     5 |     2 ||     7
  Use: Scroll            |     5 |     1 |     6 |     8 ||    20
       Potion            |     3 |       |     3 |    12 ||    18
 Stab: Sleeping          |       |     2 |       |       ||     2
  Eat: Chunk             |     5 |     4 |    15 |     8 ||    32
       Ration            |       |       |     2 |       ||     2
Armor: Skin              |    22 |    36 |   122 |    45 ||   225
Dodge: Dodged            |    70 |    75 |   281 |    97 ||   523
Block: Buckler           |     7 |    31 |   104 |    35 ||   177

Table legend:
 A = Non-vault XP
 B = Vault XP
 C = Vault XP percentage of total XP
 D = Non-vault monster count
 E = Vault monster count
 F = Vault count percentage of total count
                 A         B        C        D         E       F
            +---------+---------+-------+---------+---------+-------
      Total |    7511 |    3989 |  34.7 |     181 |     110 |  37.8
            +---------+---------+-------+---------+---------+-------
        D:1 |      22 |       0 |   0.0 |      14 |       0 |   0.0
        D:2 |      37 |     222 |  85.7 |      12 |       6 |  33.3
        D:3 |     171 |      56 |  24.7 |      18 |       5 |  21.7
        D:4 |     284 |       0 |   0.0 |      16 |       0 |   0.0
        D:5 |     851 |     211 |  19.9 |      24 |       2 |   7.7
        D:6 |     387 |      63 |  14.0 |      12 |       4 |  25.0
        D:7 |     578 |     925 |  61.5 |      21 |       4 |  16.0
        D:8 |     867 |       0 |   0.0 |      15 |       0 |   0.0
        D:9 |     710 |     754 |  51.5 |      24 |       2 |   7.7
       D:10 |    1329 |     235 |  15.0 |      16 |       8 |  33.3
     Lair:1 |    2275 |     885 |  28.0 |       9 |       3 |  25.0
      Sewer |       0 |     382 | 100.0 |       0 |      48 | 100.0
    Ossuary |       0 |     195 | 100.0 |       0 |      26 | 100.0
      IceCv |       0 |      61 | 100.0 |       0 |       2 | 100.0
            +---------+---------+-------+---------+---------+-------
